 Dungeon Crawl Stone Soup version 0.31.0-9-g3a7656b989 (webtiles) character file.

Game seed: 12857581208713718261

147 qw the Skirmisher (level 5, 0/29 HPs)
             Began as a Deep Elf Hunter on Feb 2, 2024.
             Incinerated by a bombardier beetle (3 damage)
             ... with a burning spray
             ... on level 3 of the Dungeon.
             The game lasted 00:00:07 (1907 turns).

qw the Skirmisher (Deep Elf Hunter)                 Turns: 1907, Time: 00:00:07

Health: 0/29       AC:  5    Str: 10    XL:     5   Next: 7%
Magic:  7/7        EV: 11    Int: 14    God:
Gold:   212        SH:  0    Dex: 18    Spells: 4/4 levels left

rFire   . . .        c - +1 arbalest (drain)
rCold   . . .        (shield currently unavailable)
rNeg    . . .        d - +0 ring mail
rPois   .            (no helmet)
rElec   .            (no cloak)
rCorr   .            (no gloves)
SInv    .            (no boots)
Will    .....        (no amulet)
Stlth   +            (no ring)
HPRegen 0.24/turn    (no ring)
MPRegen 0.10/turn

%: no passive effects
@: on fire, glowing
A: no striking features
a: no special abilities


You were on level 3 of the Dungeon.
You visited 1 branch of the dungeon, and saw 3 of its levels.

You collected 212 gold pieces.


   Skills:
 - Level 1.5 Fighting
 + Level 8.5 Ranged Weapons
 - Level 2.4 Dodging
 - Level 1.2 Stealth


You had 4 spell levels left.
You didn't know any spells.
Your spell library was empty.

Inventory:

Hand Weapons
 c - a +1 arbalest of draining (weapon)
Armour
 d - a +0 ring mail (worn)
Scrolls
 a - a scroll of enchant weapon {unknown}
 b - a scroll of fog {unknown}
 f - a scroll of teleportation
 g - 2 scrolls of identify
Potions
 e - a potion of brilliance {unknown}
 h - 2 potions of curing
 i - a potion of degeneration {unknown}

Dungeon Overview and Level Annotations

Branches:
Dungeon (3/15)

Altars:


Message History

Things that are here:
a +0 dagger; 4 stones You open the door.
A hobgoblin and a bombardier beetle come into view.
The hobgoblin moves out of view.
You shoot a bolt.
The bolt completely misses the bombardier beetle.
You shoot a bolt. The bolt closely misses the hobgoblin.
The hobgoblin closely misses you.
You shoot a bolt. The bolt barely misses the hobgoblin.
The hobgoblin completely misses you. The hobgoblin hits you.
You shoot a bolt. The bolt hits the hobgoblin.
You kill the hobgoblin!
The bombardier beetle sprays incendiary fluid at you.
The burning spray misses you.
You shoot a bolt.
The bolt hits the bombardier beetle but does no damage.
The bombardier beetle sprays incendiary fluid at you.
The burning spray hits you.
You are covered in liquid fire!
You shoot a bolt.
The bolt hits the bombardier beetle but does no damage.
The liquid fire burns you!
You shoot a bolt. The bolt hits the bombardier beetle.
The bombardier beetle is moderately wounded.
The liquid fire burns you!
The bombardier beetle bites you but does no damage.
You shoot a bolt. The bolt hits the bombardier beetle!!
You kill the bombardier beetle!
The liquid fire burns you!
You have reached level 5!
You are on fire!
The liquid fire burns you!
You are on fire!
The liquid fire burns you!
You are on fire!
The liquid fire burns you!
You are on fire!
The liquid fire burns you!
You die...

#..##..%%'....#### #.#
....#....##.)##..## #.#
#.####..#####'....# ##.##
###..#+##..)##....#######...##
#....##.....##..##..........#
#....')......##)#####.....>.###
##..##.%%8...##..##............
##)##.......'...)###...#.#.###
##..##.....##@...# #..#....#
#....##|..##%#..####..##.#.#
#....'#####..####..........#
##..##..##... #######.####
####....+... #.......#
#....##.. #####.##.##.#
##..##### #........##)## #'##
##### #.###.#.......
#..###:..###.##.....##.##


There were no monsters in sight!

Vanquished Creatures
  A bombardier beetle (D:3)
  Terence (D:3)
  3 adders
  2 ribbon worms
  An orc (D:3)
  5 ball pythons
  6 endoplasms
  2 giant cockroaches
  3 goblins
  4 hobgoblins
  2 quokkas (D:1)
  6 bats
  9 frilled lizards
  7 kobolds
  9 rats
61 creatures vanquished.

Notes
Turn   | Place    | Note
-------+----------+-------------------------------------------
     0 | D:1      | qw the Deep Elf Hunter began the quest for the Orb.
     0 | D:1      | Reached XP level 1. HP: 12/12 MP: 3/3
     0 | D:1      | 0 ||| qw: Version: 0.3-a-155-g5e7d8dd
     0 | D:1      | 0 ||| qw: Game counter: 1459
     0 | D:1      | 0 ||| qw: Melee chars always use a shield: true
     0 | D:1      | 0 ||| qw: God list: Okawaru
     0 | D:1      | 0 ||| qw: Allow faded altars: false
     0 | D:1      | 0 ||| qw: Do Orc after clearing Dungeon:15 true
     0 | D:1      | 0 ||| qw: Do second Lair branch before Depths: true
     0 | D:1      | 0 ||| qw: Lair rune preference: random
     0 | D:1      | 0 ||| qw: Goals: Normal
     0 | D:1      | 0 ||| PLANNING D:1-11
    76 | D:1      | Reached XP level 2. HP: 12/16 MP: 4/4
    78 | D:1      | Reached skill level 6 in Ranged Weapons
   590 | D:1      | 590 ||| DROPPING amulet of magic regeneration.
   591 | D:1      | 591 ||| DROPPING ring of flight.
   592 | D:1      | 592 ||| READING scroll labelled NUOHYLI SACE.
   693 | D:1      | 693 ||| READING scroll labelled GIHIUK DOURCH.
   794 | D:1      | 794 ||| READING 4 scrolls labelled RIMENL GOTUHUZ.
   794 | D:1      | 794 ||| IDENTIFYING 2 clear potions
   795 | D:1      | 795 ||| DROPPING scroll of butterflies.
   826 | D:2      | 826 ||| STAIRDANCE
   837 | D:2      | Reached XP level 3. HP: 20/20 MP: 5/5
   980 | D:2      | Found a faded altar of an unknown god.
  1062 | D:2      | Reached skill level 7 in Ranged Weapons
  1083 | D:2      | HP: 3/20 [ribbon worm (7)]
  1405 | D:2      | 1405 ||| UPGRADING to +0 ring mail.
  1415 | D:2      | 1415 ||| DROPPING +0 leather armour.
  1416 | D:2      | 1416 ||| READING 4 scrolls of identify.
  1416 | D:2      | 1416 ||| IDENTIFYING scroll labelled ZUMEMNEXUD
  1417 | D:2      | 1417 ||| READING 3 scrolls of identify.
  1417 | D:2      | 1417 ||| IDENTIFYING scroll labelled QUSMIDWU VO PIPE
  1417 | D:2      | Identified a scroll of acquirement
  1418 | D:2      | 1418 ||| READING scroll of acquirement.
  1418 | D:2      | 1418 ||| ACQUIRING +1 arbalest of draining
  1418 | D:2      | Acquired a +1 arbalest of draining
  1420 | D:2      | 1420 ||| SWAPPING to +1 arbalest of draining.
  1421 | D:2      | 1421 ||| DROPPING +0 shortbow.
  1422 | D:2      | 1422 ||| READING 2 scrolls of identify.
  1422 | D:2      | 1422 ||| IDENTIFYING scroll labelled ROODIG ADIMA
  1423 | D:2      | 1423 ||| DROPPING scroll of revelation.
  1649 | D:3      | Reached XP level 4. HP: 25/25 MP: 6/6
  1842 | D:3      | Noticed Terence
  1852 | D:3      | Killed Terence
  1853 | D:3      | Reached skill level 8 in Ranged Weapons
  1904 | D:3      | Reached XP level 5. HP: 10/29 MP: 7/7
  1904 | D:3      | HP: 6/29 [burnt (4)]
  1906 | D:3      | HP: 2/29 [burnt (2)]
  1907 | D:3      | Incinerated by a bombardier beetle

Levels and vault maps discovered:
D:1:      minmay_arrival_four_loops, layout_basic
D:2:      layout_loops_ring, ebering_ecumenical_altar_petrified
D:3:      minmay_bubble_buster, layout_loops_corners,
          mainiacjoe_overflow_surrounded_room, uniq_natasha, uniq_terence

Skill      XL: |  1  2  3  4 |
---------------+-------------+-----
Ranged Weapons | 6 7 8 |  8.5
Fighting       | |  1.5
Dodging        | |  2.4
Stealth        | |  1.2

Action                     |  1- 3 |  4- 6 || total
---------------------------+-------+-------++-------
   Fire: Shortbow          |   100 |       ||   100
         Arbalest          |    11 |    36 ||    47
    Use: Scroll            |     7 |       ||     7
 Armour: Leather armour    |    20 |       ||    20
         Ring mail         |     1 |    13 ||    14
  Dodge: Dodged            |    27 |    13 ||    40

Table legend:
 A = Non-vault XP
 B = Vault XP
 C = Vault XP percentage of total XP
 D = Non-vault monster count
 E = Vault monster count
 F = Vault count percentage of total count
                 A         B        C        D         E       F
            +---------+---------+-------+---------+---------+-------
      Total |      98 |     112 |  53.3 |      45 |      16 |  26.2
            +---------+---------+-------+---------+---------+-------
        D:1 |      39 |       0 |   0.0 |      25 |       0 |   0.0
        D:2 |      35 |       0 |   0.0 |      12 |       0 |   0.0
        D:3 |      24 |     112 |  82.4 |       8 |      16 |  66.7
            +---------+---------+-------+---------+---------+-------
